 Dungeon Crawl Stone Soup version 0.19.0-19-g8c6edcc (webtiles) character file.

288258 KarmaPolice the Fencer (level 19, -8/140 HPs)
             Began as a Vampire Skald on Nov 13, 2016.
             Was the Champion of Kikubaaqudgha.
             Mangled by a spriggan berserker
             ... wielding a +1 antimagic broad axe
              (40 damage)
             ... on level 1 of the Depths on Nov 14, 2016.
             The game lasted 07:59:58 (85478 turns).

KarmaPolice the Fencer (Vampire Skald)             Turns: 85478, Time: 07:59:59

Health: -8/140     AC:  0    Str: 12    XL:     19   Next: 88%
Magic:  3/35       EV: 33    Int: 17    God:    Kikubaaqudgha [******]
Gold:   1776       SH:  5    Dex: 23    Spells: 13 memorised, 2 levels left

rFire  . . .     SeeInvis +     (weapon currently unavailable)
rCold  + . .     Gourm    .     (armour currently unavailable)
rNeg   + + .     Faith    .     (shield currently unavailable)
rPois  +         Spirit   .     (helmet currently unavailable)
rElec  .         Reflect  +     (cloak currently unavailable)
rCorr  .         Harm     .     (gloves currently unavailable)
MR     +....                    (boots currently unavailable)
Stlth  ++++......               u - +5 amulet of reflection
                                (ring currently unavailable)
                                (ring currently unavailable)

@: bat-form, flying, regenerating slowly, very quick
A: fangs 3, see invisible, (unbreathing)
a: End Transformation, Receive Corpses, Torment, Brand Weapon With Pain, Receive
Necronomicon, Renounce Religion
}: 2/15 runes: decaying, gossamer


You were on level 1 of the Depths.
You worshipped Kikubaaqudgha.
Kikubaaqudgha was exalted by your worship.
You were thirsty.
You were in vampire-bat-form.
You visited 8 branches of the dungeon, and saw 35 of its levels.
You also visited: Sewer and Ice Cave.

You collected 4453 gold pieces.
You spent 2677 gold pieces at shops.

Inventory:

Hand Weapons
 m - a +2 double sword of venom (melded)
Armour
 a - the +1 cloak of Starlight (melded) {rElec rC+ EV+4 Stlth--}
   (You found it on level 6 of the Dungeon)

   It affects your evasion (+4).
   It protects you from cold.
   It insulates you from electricity.
   It makes you much less stealthy.
 z - a +0 pair of gloves (melded)
 D - a +3 troll leather armour (melded)
 G - a +2 cloak of magic resistance
 T - a +0 pair of boots (melded)
 W - the +2 hat of the Bear Spirit (melded) {Spirit, +Rage rN+ MR++}
   (You found it in an ice cave)

   It protects you from negative energy.
   It affects your resistance to hostile enchantments.
   It lets you go berserk.
 X - a +2 buckler of protection (melded)
Jewellery
 u - a +5 amulet of reflection (around neck)
 N - the ring "Xogg" (melded) {rC+ Int+4 Slay+3}
   (You bought it in a shop on level 2 of the Orcish Mines)

   [ring of intelligence]

   It affects your intelligence (+4).
   It affects your accuracy and damage with ranged weapons and melee attacks
   (+3).
   It protects you from cold.
 U - a +5 ring of protection (melded)
Wands
 L - a wand of heal wounds (4/9)
 Q - a wand of teleportation (3/9)
 R - a wand of digging (0/24)
Scrolls
 f - a scroll of blinking
 i - 3 scrolls of amnesia
 l - 7 scrolls of teleportation
 n - 3 scrolls of fog
 p - 2 scrolls of recharging
 r - 5 scrolls of remove curse
 v - 8 scrolls of enchant weapon
 x - 5 scrolls of magic mapping
 y - a scroll of acquirement
 B - 6 scrolls of fear
 C - a scroll of brand weapon
 E - 4 scrolls of silence
 K - 3 scrolls of enchant armour
 O - 2 scrolls of identify
Potions
 b - a potion of berserk rage
 d - a potion of cancellation {unknown}
 e - 4 potions of haste
 g - 3 potions of might
 h - 2 potions of ambrosia
 j - 2 potions of lignification {unknown}
 k - 2 potions of brilliance
 o - 4 potions of cure mutation {unknown}
 t - 3 potions of agility {unknown}
 w - 5 potions of degeneration {unknown}
 A - 3 potions of mutation {unknown}
 F - 8 potions of flight {unknown}
 H - 3 potions of magic {unknown}
 J - 15 potions of curing
 Y - 33 potions of blood
 Z - 2 potions of invisibility {unknown}
Books
 c - the Incunabulum of the Glacier
   (You found it on level 6 of the Lair of Beasts)

   Spells                             Type                      Level
   a - Freeze                         Ice                          1
   b - Throw Frost                    Conjuration/Ice              2
   c - Ensorcelled Hibernation        Hexes/Ice                    2
   d - Throw Icicle                   Conjuration/Ice              4
   e - Ice Form                       Ice/Transmutation            4
   f - Summon Ice Beast               Ice/Summoning                4
 s - a Necronomicon

   Spells                             Type                      Level
   a - Haunt                          Necromancy/Summoning         7
   b - Borgnjor's Revivification      Necromancy                   8
   c - Death's Door                   Charms/Necromancy            8
   d - Infestation                    Necromancy                   8
   e - Necromutation                  Transmutation/Necromancy     8
 M - Kikubaaqudgha's Catalogue of Necromancy
   (Kikubaaqudgha gifted it to you on level 8 of the Dungeon)

   Spells                             Type                      Level
   a - Pain                           Necromancy                   1
   b - Corpse Rot                     Necromancy                   2
   c - Sublimation of Blood           Necromancy                   2
   d - Regeneration                   Charms/Necromancy            3
   e - Control Undead                 Necromancy                   4
 P - a book of Necromancy

   Spells                             Type                      Level
   a - Pain                           Necromancy                   1
   b - Animate Skeleton               Necromancy                   1
   c - Vampiric Draining              Necromancy                   3
   d - Regeneration                   Charms/Necromancy            3
   e - Animate Dead                   Necromancy                   4
   f - Control Undead                 Necromancy                   4
 S - a book of Air

   Spells                             Type                      Level
   a - Shock                          Conjuration/Air              1
   b - Swiftness                      Charms/Air                   2
   c - Repel Missiles                 Charms/Air                   2
   d - Static Discharge               Conjuration/Air              3
   e - Lightning Bolt                 Conjuration/Air              5
 V - Kikubaaqudgha's Reference Book on Evil Rituals
   (Kikubaaqudgha gifted it to you on level 11 of the Dungeon)

   Spells                             Type                      Level
   a - Animate Dead                   Necromancy                   4
   b - Agony                          Necromancy                   5
   c - Cigotuvi's Embrace             Necromancy                   5
   d - Dispel Undead                  Necromancy                   5
   e - Death Channel                  Necromancy                   6
Miscellaneous
 q - a fan of gales
 I - a phial of floods


   Skills:
 - Level 10.1 Fighting
 - Level 16.0 Long Blades
 + Level 12.8 Armour
 + Level 11.7 Dodging
 + Level 3.4 Shields
 - Level 12.1 Spellcasting
 - Level 5.3 Conjurations
 - Level 12.0 Hexes
 - Level 10.0 Charms
 - Level 16.0 Necromancy
 - Level 6.1 Ice Magic
 + Level 5.8 Evocations


You had 2 spell levels left.
You knew the following spells:

 Your Spells              Type           Power        Failure   Level  Hunger
a - Infusion              Chrm           ####         1%          1    None
b - Shroud of Golubria    Chrm/Tloc      ####......   1%          2    None
c - Song of Slaying       Chrm           #####...     1%          2    None
d - Regeneration          Chrm/Necr      ######....   1%          3    None
e - Cause Fear            Hex            ######....   1%          4    ##.....
f - Confuse               Hex            ######..     1%          3    None
g - Tukima's Dance        Hex            ######..     1%          3    None
h - Dazzling Spray        Conj/Hex       #####.       1%          3    None
i - Throw Icicle          Conj/Ice       ####....     10%         4    ##.....
j - Agony                 Necr           ######..     1%          5    ####...
k - Dispel Undead         Necr           ######..     1%          5    ####...
l - Apportation           Tloc           ##........   10%         1    None
m - Control Undead        Necr           ######....   1%          4    ##.....


Dungeon Overview and Level Annotations

Branches:
Dungeon (15/15)            Temple (1/1) D:7            Lair (6/6) D:10
  Swamp (4/4) Lair:2       Spider (4/4) Lair:2        Slime (0/5) Lair:5
    Orc (2/2) D:11            Elf (0/3) Orc:2        Vaults (1/5) D:13
 Depths (2/5) D:15

Altars:
Ashenzari
Cheibriados
Elyvilon
Gozag
Hepliaklqana
Kikubaaqudgha
Makhleb
Nemelex Xobeh
Okawaru
Qazlal
Ru
Sif Muna
Trog
Uskayaw
Vehumet
Xom
Yredelemnul
Zin
The Shining One
Beogh
Jiyva

Shops:
D:6 %   D:8 (   D:13 (   D:15 *   Orc:2 (*=([*=   Depths:1 *

Portals:
Hell: Lair:6 Depths:1 Depths:2
Abyss: Depths:1
Trove: D:10 (give wand of hasting (9))

Annotations:
D:2 Sigmund, Terence
D:7 Prince Ribbit
Lair:2 Gastronok


Innate Abilities, Weirdness & Mutations

You heal slowly.
You have razor-sharp teeth.
You have supernaturally acute eyesight. (SInv)
((You can survive without breathing.))


Message History

There is a stone staircase leading down here.
The spriggan berserker is no longer regenerating.
The spriggan berserker is no longer resistant to hostile enchantments.
There is an open door here.
The spriggan berserker barely misses you.
The spriggan berserker rages.
The spriggan berserker rages.
The spriggan berserker misses you.
There is an open door here.
You see here an arrow.
You see here 2 large rocks.
You hear a shout!
Things that are here:
17 arrows; an uncursed longbow The spriggan berserker barely misses you.
Things that are here:
a +0 troll leather armour; a bolt The spriggan berserker hits you with an antimagic broad axe!!!
You die...
Kikubaaqudgha rasps: "You have failed me!
Welcome... oblivion!"

....## ####'#### #####[#### ...##
##.# ##[# ..## #..# ##..# .##
####'##### #..## ## #.......(#
#.## .#### #........# ######.####
....####........# #.........#
......##........### #.........#
....#..'........b(# #.........#
....###.........#i###(........###
..####.##########(...[..(........
..###.## #####..^......###
..##.## ##(######## ..#.## #..(.#
...## ####(### ..### #.....#
....# #.....#


You could see a spriggan berserker (berserk).

Vanquished Creatures
  Arachne (Spider:2)
  A bone dragon (Swamp:4)
  Rupert (Lair:4)
  A quicksilver dragon (Depths:2)
  Frances (Swamp:1)
  The ghost of grisgris the Peltast, an adept GrFi of Qazlal (Spider:4)
  3 thorn hunters
  Donald (Swamp:3)
  3 fire giants
  A frost giant (Depths:2)
  A deep elf sorcerer (Depths:2)
  2 ghost moths
  Aizul (Spider:1)
  4 emperor scorpions
  Louise (Spider:2)
  An orc warlord (Orc:2)
  6 very ugly things
  7 stone giants
  6 entropy weavers
  2 vampire knights
  Azrael (D:13)
  A spark wasp (Spider:3)
  A dire elephant (Lair:6)
  4 ettins
  Snorg (Lair:3)
  6 fire dragons
  The ghost of Philosophy the Fighter, a journeyman CeHu of Okawaru (D:10)
  2 jiangshi (Depths:1)
  2 rakshasas
  2 ice dragons
  A great orb of eyes (Depths:1)
  2 ogre magi
  18 hydras
  A catoblepas (Lair:6)
  A ghost crab (Swamp:4)
  5 centaur warriors
  2 death knights
  3 deep troll shamans
  10 alligators
  8 death scarabs (Spider:4)
  A queen ant (Spider:1)
  4 death yaks (Lair:5)
  4 tengu warriors
  An orc high priest (Orc:1)
  The ghost of Raws the Carver, a novice DsBe of Trog (D:9)
  A vampire mage (Depths:1)
  4 deep troll earth magi
  A spriggan berserker (Depths:2)
  Nergalle (Lair:3)
  2 deep elf knights
  A sun demon (Lair:5)
  4 spriggans
  3 fire crabs (shapeshifter)
  An iron troll (Depths:1)
  A skeletal warrior (D:14)
  2 spriggan druids
  3 unseen horrors
  4 shambling mangroves
  3 spectral hydras (Swamp:4)
  13 deep trolls
  2 flayed ghosts (Depths:2)
  A swamp dragon (Swamp:1)
  8 hill giants
  7 phantasmal warriors
  A lindwurm (Lair:6)
  3 wizards
  3 orc knights
  18 ugly things
  4 spectral wolf spiders (Spider:4)
  An orb spider (shapeshifter) (D:13)
  A wolf spider zombie (Spider:4)
  21 orb spiders
  33 wolf spiders
  3 orc sorcerers
  5 deep elf magi
  2 cyclopes
  2 manticores
  5 moths of wrath
  22 elephants
  An ice statue (IceCv)
  A centaur zombie (D:14)
  A smoke demon (Lair:6)
  8 black mambas
  A guardian serpent (D:11)
  3 swamp worm zombies (Swamp:4)
  3 rime drakes
  5 torpor snails
  A gargoyle (D:11)
  4 orange demons (Lair:6)
  20 spiny frogs
  A yaktaur (Depths:2)
  A yaktaur (shapeshifter) (Depths:2)
  A rime drake (shapeshifter) (Depths:1)
  12 komodo dragons
  6 freezing wraiths
  2 spectral redbacks (Spider:4)
  26 demonic crawlers
  A redback zombie (Spider:4)
  A hellwing (Lair:6)
  7 ice devils
  4 kobold demonologists
  2 golden dragon simulacra (IceCv)
  A tengu simulacrum (Vaults:1)
  5 hydra zombies (Swamp:4)
  A tengu conjurer (Depths:1)
  4 anaconda simulacra (IceCv)
  55 jumping spiders
  A wolf spider simulacrum (IceCv)
  A polar bear (Lair:3)
  5 two-headed ogres
  4 spectral tarantellas (Spider:4)
  7 trolls
  5 tyrant leeches
  24 hornets
  29 blink frogs
  A jumping spider zombie (Spider:4)
  15 hippogriffs
  Grinder (D:6)
  2 spectral jumping spiders (Spider:4)
  4 dream sheep (Lair:5)
  13 slime creatures
  3 alligator zombies (Swamp:4)
  9 bog bodies
  3 spectral swamp dragons (Swamp:4)
  84 redbacks
  5 shadows
  9 wyverns
  67 yaks
  38 tarantellas
  4 vampires
  8 hungry ghosts
  3 fire elementals (D:13)
  3 dire elephant simulacra (IceCv)
  3 fire bats (Lair:6)
  A wraith (D:12)
  Menkaure (D:7)
  A steam dragon (D:10)
  11 vampire mosquitoes
  4 basilisks
  11 soldier ants
  3 harpy simulacra (IceCv)
  5 wargs
  Edmund (D:6)
  11 swamp worms
  19 insubstantial wisps
  A floating eye (shapeshifter) (D:15)
  Duvessa (D:5)
  2 hell hounds
  7 porcupines
  3 spectral hornets (Spider:4)
  6 swamp drakes
  17 water moccasins
  A hydra simulacrum (IceCv)
  34 orc warriors
  An ettin simulacrum (IceCv)
  4 black bears
  7 ice beasts
  2 swamp dragon zombies (Swamp:4)
  5 sky beasts
  2 hornet zombies (Spider:4)
  2 eyes of draining
  A necrophage (D:11)
  10 phantoms
  A boggart (shapeshifter) (Depths:2)
  21 ogres
  6 wolves
  12 centaurs
  16 crocodiles
  5 big kobolds
  28 bullfrogs
  A wyvern skeleton (D:10)
  A hornet simulacrum (D:15)
  Dowan (D:5)
  8 scorpions
  9 killer bees
  16 wights
  A howler monkey (D:4)
  7 electric eels
  5 draconian simulacra (IceCv)
  11 crimson imps
  2 gnoll shamans
  4 bullfrog zombies
  11 hounds
  3 bullfrog skeletons
  21 orc priests
  3 jellies
  32 orc wizards
  4 centaur skeletons
  Jessica (D:2)
  5 iguanas
  7 troll simulacra (IceCv)
  2 spectral swamp drakes (Swamp:4)
  29 worker ants
  A spriggan simulacrum (IceCv)
  2 wolf simulacra (IceCv)
  A centaur simulacrum (IceCv)
  A hound zombie (D:6)
  A hound skeleton (D:9)
  2 worker ant zombies
  10 gnolls
  22 adders
  4 naga simulacra (IceCv)
  2 ogre simulacra (IceCv)
  A river rat (Sewer)
  10 shadow imps
  7 white imps
  3 oozes
  An adder zombie (D:5)
  2 adder skeletons
  6 worms
  A dart slug (D:2)
  6 leopard geckos
  109 orcs
  4 bats
  5 giant cockroaches
  8 goblins
  14 hobgoblins
  24 kobolds
  7 quokkas
  4 ball pythons
  3 frilled lizards
  A jackal skeleton (D:5)
  A leopard gecko skeleton (D:4)
  11 rats
  A butterfly (Lair:1)
  2 fungi
1567 creatures vanquished.

Vanquished Creatures (collateral kills)
  Jorgrun (Swamp:3)
  An Ice Fiend (IceCv)
  A fire giant (D:15)
  A vault guard (D:13)
  A death knight (D:9)
  Urug (Lair:4)
  An efreet (D:15)
  A red devil (Lair:6)
  A tengu conjurer (D:15)
  A hydra simulacrum (IceCv)
10 creatures vanquished.

Vanquished Creatures (others)
  An orb spider (Spider:1)
  A yaktaur (Depths:1)
  7 dancing weapons
  A swamp worm (Swamp:4)
  An orc wizard (Orc:2)
  3 white imps (IceCv)
  An ufetubus (IceCv)
  2 orcs (Orc:2)
  2 briar patches (Swamp:4)
  A bush (Lair:5)
  33 fungi
  28 plants
81 creatures vanquished.

Grand Total: 1658 creatures vanquished

Notes
Turn   | Place    | Note
-------+----------+-------------------------------------------
     0 | D:1      | KarmaPolice the Vampire Skald began the quest for the Orb.
     0 | D:1      | Reached XP level 1. HP: 16/16 MP: 3/3
   694 | D:1      | Reached XP level 2. HP: 22/22 MP: 5/5
   698 | D:1      | Learned a level 2 spell: Shroud of Golubria
   701 | D:1      | Learned a level 2 spell: Song of Slaying
   727 | D:2      | Noticed Terence
  1044 | D:2      | Reached XP level 3. HP: 20/27 MP: 0/6
  1214 | D:2      | Noticed Sigmund
  1301 | D:2      | Noticed Jessica
  1312 | D:2      | Killed Jessica
  1596 | D:2      | Reached XP level 4. HP: 28/34 MP: 5/8
  1609 | D:2      | Learned a level 3 spell: Regeneration
  1938 | D:2      | Found an opulent altar of Gozag.
  2170 | D:2      | Found a faded altar of an unknown god.
  3272 | D:4      | Reached XP level 5. HP: 35/40 MP: 3/9
  3489 | D:4      | Reached skill level 1 in Necromancy
  3648 | D:4      | Reached XP level 6. HP: 22/47 MP: 7/10
  4530 | D:4      | Found a sacrificial altar of Ru.
  4614 | D:5      | Entered Level 5 of the Dungeon
  4838 | D:5      | Noticed Dowan
  4840 | D:5      | Reached skill level 5 in Charms
  4929 | D:5      | Noticed Duvessa
  5342 | D:5      | Reached XP level 7. HP: 48/52 MP: 0/11
  6284 | D:5      | Killed Dowan
  6423 | D:5      | Killed Duvessa
  6537 | D:6      | Found Efim's Food Shoppe.
  6537 | D:6      | Noticed Grinder
  6945 | D:6      | Found a glowing drain.
  6949 | Sewer    | Entered a sewer
  7137 | Sewer    | Reached XP level 8. HP: 61/61 MP: 3/12
  8232 | D:6      | Reached skill level 5 in Long Blades
  8232 | D:6      | Reached skill level 1 in Evocations
  8257 | D:6      | HP: 1/61 [wight/battleaxe of freezing (4)]
  8659 | D:6      | Reached skill level 5 in Fighting
  8660 | D:6      | HP: 3/62 [wight/spear of freezing (2)]
  9100 | D:6      | Reached skill level 5 in Necromancy
  9221 | D:6      | Killed Grinder
  9249 | D:6      | Noticed Edmund
  9279 | D:6      | Killed Edmund
  9687 | D:6      | Reached XP level 9. HP: 35/68 MP: 8/13
 10195 | D:7      | Noticed Menkaure
 10479 | D:7      | Killed Menkaure
 11331 | D:7      | Noticed Prince Ribbit
 11709 | D:7      | Identified a scroll of acquirement
 12796 | D:7      | Found a staircase to the Ecumenical Temple.
 12884 | D:7      | Reached skill level 1 in Armour
 12902 | D:7      | Reached XP level 10. HP: 50/77 MP: 6/14
 12984 | Temple   | Entered the Ecumenical Temple
 13090 | Temple   | Became a worshipper of Kikubaaqudgha
 13437 | D:8      | Reached skill level 5 in Evocations
 13465 | D:8      | Found Nagrympe's Weapon Shoppe.
 15092 | D:9      | Noticed Raws's ghost (novice DsBe)
 16246 | D:9      | Found a shimmering altar of Xom.
 16436 | D:9      | Noticed a death knight
 16441 | D:9      | Noticed a phantasmal warrior
 16974 | D:9      | Noticed a phantasmal warrior
 17274 | D:8      | Reached * piety under Kikubaaqudgha
 17274 | D:8      | Identified Kikubaaqudgha's Catalogue of Necromancy (Kikubaaqudgha gifted it to you on level 8 of the Dungeon)
 17274 | D:8      | Received a gift from Kikubaaqudgha
 17365 | D:8      | Noticed a manticore
 17630 | D:10     | Entered Level 10 of the Dungeon
 17681 | D:10     | Found a portal to a secret trove of treasure.
 17681 | D:10     | Noticed an unseen horror
 17695 | D:10     | Killed an unseen horror
 18711 | D:8      | Noticed a hill giant
 18931 | D:8      | Reached XP level 11. HP: 84/86 MP: 5/15
 19246 | D:8      | Killed a hill giant
 20172 | D:10     | Found a staircase to the Lair.
 20551 | D:10     | Reached ** piety under Kikubaaqudgha
 20780 | D:10     | Noticed Philosophy's ghost (journeyman CeHu)
 21271 | D:10     | Noticed a tengu warrior
 21293 | D:10     | Learned a level 4 spell: Cause Fear
 21495 | D:11     | Reached skill level 1 in Hexes
 21496 | D:11     | Reached *** piety under Kikubaaqudgha
 21496 | D:11     | Identified Kikubaaqudgha's Reference Book on Evil Rituals (Kikubaaqudgha gifted it to you on level 11 of the Dungeon)
 21496 | D:11     | Received a gift from Kikubaaqudgha
 21823 | D:10     | Learned a level 3 spell: Confuse
 21827 | D:10     | Learned a level 3 spell: Tukima's Dance
 22120 | D:11     | Noticed a hill giant
 22142 | D:11     | Killed a hill giant
 22562 | D:11     | Reached skill level 5 in Armour
 22711 | D:11     | Found a staircase to the Orcish Mines.
 22887 | Lair:1   | Entered Level 1 of the Lair of Beasts
 23610 | Lair:1   | Reached skill level 5 in Hexes
 23614 | Lair:1   | Reached skill level 5 in Spellcasting
 23693 | Lair:1   | Reached XP level 12. HP: 76/93 MP: 8/19
 23698 | Lair:1   | Reached skill level 10 in Long Blades
 25207 | Lair:2   | Noticed Gastronok
 25309 | Lair:2   | Found a staircase to the Swamp.
 25321 | Lair:2   | Learned a level 3 spell: Dazzling Spray
 25821 | Lair:2   | Found a hole to the Spider Nest.
 26168 | Lair:3   | Reached **** piety under Kikubaaqudgha
 26561 | Lair:3   | Noticed Snorg
 26609 | Lair:3   | Noticed Nergalle
 26642 | Lair:3   | Killed Nergalle
 27803 | Lair:4   | Noticed an eight-headed hydra
 28148 | Lair:4   | Noticed Rupert
 28743 | Lair:4   | Paralysed by Rupert for 4 turns
 28786 | Lair:4   | Reached XP level 13. HP: 95/98 MP: 11/23
 29108 | Lair:4   | Noticed Urug
 30657 | Lair:5   | Got an ichor-stained leather armour
 30697 | Lair:5   | Identified the +2 leather armour of Amelioration {SInv} (You found it on level 5 of the Lair of Beasts)
 32121 | Lair:5   | Found a viscous altar of Jiyva.
 32123 | Lair:5   | Found a staircase to the Slime Pits.
 32235 | Lair:5   | Reached skill level 10 in Hexes
 32999 | Lair:5   | Reached ***** piety under Kikubaaqudgha
 33524 | Lair:6   | Entered Level 6 of the Lair of Beasts
 34329 | Lair:5   | Learned a level 4 spell: Leda's Liquefaction
 34352 | Lair:5   | Reached skill level 10 in Necromancy
 36067 | Lair:6   | Reached XP level 14. HP: 105/105 MP: 2/26
 36480 | Lair:6   | Learned a level 1 spell: Pain
 37091 | Lair:6   | Learned a level 5 spell: Agony
 40381 | Lair:6   | Reached skill level 5 in Dodging
 40508 | Lair:6   | Found a burning altar of Makhleb.
 42478 | Lair:6   | Found a gateway to Hell.
 42486 | Lair:6   | Identified the Incunabulum of the Glacier
 42821 | Lair:4   | Paralysed by Rupert for 6 turns
 42889 | Lair:4   | Killed Rupert
 43197 | Lair:4   | Killed Urug
 43607 | D:10     | Killed Philosophy's ghost
 44377 | D:11     | Reached skill level 1 in Conjurations
 44644 | D:12     | Reached skill level 10 in Spellcasting
 46179 | D:13     | Found Wewub's Weapon Emporium.
 46199 | D:13     | Reached XP level 15. HP: 112/112 MP: 21/29
 46238 | D:13     | Noticed Azrael
 46278 | D:13     | Killed Azrael
 46281 | D:13     | HP: 4/112 [burnt (8)]
 47292 | D:13     | Reached ****** piety under Kikubaaqudgha
 47883 | D:13     | Found a gate to the Vaults.
 49397 | D:14     | Found a glowing golden altar of the Shining One.
 49687 | D:13     | Learned a level 5 spell: Dispel Undead
 50291 | D:15     | Entered Level 15 of the Dungeon
 50491 | Orc:1    | Entered Level 1 of the Orcish Mines
 51362 | Orc:2    | Entered Level 2 of the Orcish Mines
 51744 | Orc:2    | Found Xepuhoxa's Assorted Antiques.
 51785 | Orc:2    | Found Suukk's Jewellery Emporium.
 51864 | Orc:2    | Found Viodatti's General Store.
 51984 | Orc:2    | Bought a scroll of identify for 32 gold pieces
 52065 | Orc:2    | Found a roughly hewn altar of Beogh.
 52221 | Orc:2    | Noticed an orc warlord
 52397 | Orc:2    | Killed an orc warlord
 52397 | Orc:2    | Reached skill level 10 in Charms
 52455 | Orc:2    | Found Dorufios's Antique Armour Emporium.
 52456 | Orc:2    | Found a roughly hewn altar of Beogh.
 52470 | Orc:2    | Found Jeahubus's Antique Weapon Shoppe.
 52532 | Orc:2    | Found a roughly hewn altar of Beogh.
 52561 | Orc:2    | Found Estrol's Jewellery Shoppe.
 52697 | Orc:2    | Found a staircase to the Elven Halls.
 52780 | Orc:2    | Found a roughly hewn altar of Beogh.
 52791 | Orc:2    | Found Ipomo's Distillery.
 52796 | Orc:2    | Bought a potion of heal wounds for 75 gold pieces
 52796 | Orc:2    | Bought a potion of heal wounds for 75 gold pieces
 52839 | Orc:2    | Found Kesk's Antique Weapon Shoppe.
 52995 | Orc:2    | Found a roughly hewn altar of Beogh.
 53751 | Orc:2    | Bought the ring "Xogg" {rC+ Int+4 Slay+3} for 643 gold pieces
 53875 | Orc:2    | Bought a scroll of silence for 120 gold pieces
 54019 | Orc:2    | Bought a scroll of enchant weapon for 262 gold pieces
 54178 | Orc:2    | Bought a transparent chain mail for 370 gold pieces
 54191 | Orc:2    | Identified the +1 chain mail of Perfidy {Int+3} (You bought it in a shop on level 2 of the Orcish Mines)
 54209 | Orc:2    | Bought a warped battleaxe for 333 gold pieces
 54209 | Orc:2    | Bought a brightly glowing short sword for 232 gold pieces
 54213 | Orc:2    | Identified the +5 battleaxe of the Hand {chop, +Fly rF+ Str+4} (You bought it in a shop on level 2 of the Orcish Mines)
 54217 | Orc:2    | Identified the +7 short sword of Victory {protect, Fragile Dex+7} (You bought it in a shop on level 2 of the Orcish Mines)
 54489 | Orc:2    | Bought a scroll labeled BYOSAMEOMP for 35 gold pieces
 54619 | Orc:2    | Bought a potion of curing for 45 gold pieces
 54619 | Orc:2    | Bought a potion of curing for 45 gold pieces
 54619 | Orc:2    | Bought a potion of haste for 150 gold pieces
 54619 | Orc:2    | Bought a potion of curing for 45 gold pieces
 54619 | Orc:2    | Bought a potion of curing for 45 gold pieces
 54619 | Orc:2    | Bought a potion of curing for 45 gold pieces
 54619 | Orc:2    | Bought a potion of curing for 45 gold pieces
 55386 | D:15     | Found a staircase to the Depths.
 55386 | D:15     | Noticed a fire giant
 56247 | D:15     | Found Nedum's Assorted Antiques.
 56287 | D:15     | Killed a fire giant
 56293 | D:15     | Paralysed by a floating eye for 3 turns
 56307 | D:15     | Paralysed by a floating eye for 4 turns
 57075 | Swamp:1  | Entered Level 1 of the Swamp
 57096 | Swamp:1  | Got a heavily runed ring mail
 57120 | Swamp:1  | Identified the +0 ring mail of the Quahog {-Cast +Inv rF+ MR+++} (You found it on level 1 of the Swamp)
 57152 | Swamp:1  | Reached skill level 10 in Fighting
 57195 | Swamp:1  | Reached skill level 5 in Conjurations
 57266 | Swamp:1  | Reached XP level 16. HP: 108/122 MP: 9/30
 57415 | Swamp:1  | Noticed a thorn hunter
 57450 | Swamp:1  | Killed a thorn hunter
 57640 | Swamp:1  | Learned a level 4 spell: Throw Icicle
 57697 | Swamp:1  | Noticed Frances
 57974 | Spider:1 | Entered Level 1 of the Spider Nest
 58086 | Spider:1 | Reached skill level 1 in Ice Magic
 60845 | D:9      | Killed Raws's ghost
 61473 | Swamp:1  | Killed Frances
 62175 | Swamp:2  | Found a frozen archway.
 62422 | Swamp:2  | Learned a level 1 spell: Apportation
 62430 | IceCv    | Entered an ice cave
 63499 | IceCv    | Noticed an Ice Fiend
 63574 | IceCv    | Killed an Ice Fiend
 63574 | IceCv    | Reached skill level 5 in Ice Magic
 65233 | Swamp:3  | Found an iron altar of Okawaru.
 65317 | Swamp:3  | Noticed Jorgrun
 65319 | Swamp:3  | Noticed Donald
 65597 | Swamp:3  | Killed Jorgrun
 65762 | Swamp:3  | Reached XP level 17. HP: 112/128 MP: 19/32
 66135 | Swamp:3  | Paralysed by a hornet for 2 turns
 66485 | Swamp:3  | Killed Donald
 66848 | Swamp:4  | Entered Level 4 of the Swamp
 67096 | Swamp:4  | Reached skill level 10 in Armour
 68784 | Swamp:4  | Noticed a bone dragon
 68869 | Swamp:4  | Killed a bone dragon
 69178 | Swamp:4  | Got a decaying rune of Zot
 70721 | Spider:2 | Noticed Aizul
 70736 | Spider:2 | Noticed Louise
 70892 | Spider:1 | Killed Aizul
 71056 | Spider:2 | Killed Louise
 71063 | Spider:2 | Noticed Arachne
 71094 | Spider:2 | Killed Arachne
 71990 | Spider:2 | Reached XP level 18. HP: 134/134 MP: 6/34
 74439 | Spider:3 | Got a scorched leather armour
 74693 | Spider:4 | Entered Level 4 of the Spider Nest
 75937 | Spider:4 | Noticed grisgris's ghost (adept GrFi)
 75965 | Spider:4 | Killed grisgris's ghost
 75965 | Spider:4 | Reached skill level 15 in Long Blades
 75965 | Spider:4 | Reached skill level 15 in Necromancy
 77775 | Lair:3   | Killed Snorg
 79015 | Spider:4 | Learned a level 4 spell: Control Undead
 80065 | Spider:4 | Got a gossamer rune of Zot
 80214 | Spider:4 | Identified the cursed +0 leather armour of Qity {+Inv rF- rCorr MP-9 Int+6} (You found it on level 3 of the Spider Nest)
 80534 | Vaults:1 | Entered Level 1 of the Vaults
 80738 | D:15     | Bought a scroll of fear for 80 gold pieces
 80819 | D:15     | Reached XP level 19. HP: 130/140 MP: 25/35
 80841 | D:15     | Reached skill level 10 in Dodging
 80893 | Depths:1 | Entered Level 1 of the Depths
 80992 | Depths:1 | Found Xakupom's Demolitions Depot.
 82815 | Depths:1 | Found a one-way gate to the infinite horrors of the Abyss.
 83584 | Depths:1 | Reached skill level 1 in Shields
 85478 | Depths:1 | Mangled by a spriggan berserker

Skill      XL: |  1  2  3  4  5  6  7  8  9 10 11 12 13 14 15 16 17 18 19 |
---------------+----------------------------------------------------------+-----
Fighting       | 2 3 4 5 6 8 10 | 10.1
Charms         | 4 5 6 8 10 | 10.0
Long Blades    | 3 4 6 7 8 9 11 12 13 14 15 16 | 16.0
Spellcasting   | 3 5 7 8 10 11 12 | 12.1
Necromancy     | 1 2 4 5 7 8 9 10 11 13 14 15 16 | 16.0
Evocations     | 3 4 5 |  5.8
Armour         | 1 3 5 7 8 9 10 11 12 | 12.8
Hexes          | 5 9 11 12 | 12.0
Dodging        | 2 6 7 9 11 | 11.7
Conjurations   | 1 5 |  5.3
Ice Magic      | 5 6 |  6.1
Shields        | 3 |  3.4

Action                   |  1- 3 |  4- 6 |  7- 9 | 10-12 | 13-15 | 16-18 | 19-21 || total
-------------------------+-------+-------+-------+-------+-------+-------+-------++-------
Melee: Falchion          |    64 |   196 |   512 |  1108 |  2367 |    98 |       ||  4345
       Bite              |     9 |    25 |    61 |   173 |   491 |   392 |   111 ||  1262
       Unarmed           |     4 |    25 |    17 |    27 |    73 |    19 |       ||   165
       Flail             |       |       |    11 |       |       |       |       ||    11
       Whip              |       |       |       |    32 |    67 |       |       ||    99
       Scimitar          |       |       |       |       |    82 |   730 |       ||   812
       Double sword      |       |       |       |       |       |  1348 |   572 ||  1920
       Great sword       |       |       |       |       |       |       |     2 ||     2
 Cast: Infusion          |     2 |    18 |    44 |    90 |   143 |   111 |    27 ||   435
       Song of Slaying   |     2 |    10 |    19 |    41 |    62 |    82 |    24 ||   240
       Shroud of Golubri |     2 |     6 |    23 |    63 |    99 |    67 |    19 ||   279
       Regeneration      |       |    10 |    24 |    65 |   128 |    93 |    26 ||   346
       Dazzling Spray    |       |       |       |    18 |   101 |    98 |    18 ||   235
       Confuse           |       |       |       |     2 |   129 |    92 |    28 ||   251
       Cause Fear        |       |       |       |     1 |     5 |     5 |       ||    11
       Tukima's Dance    |       |       |       |     1 |    23 |    16 |     9 ||    49
       Leda's Liquefacti |       |       |       |       |     1 |       |       ||     1
       Agony             |       |       |       |       |    25 |     5 |     8 ||    38
       Pain              |       |       |       |       |     4 |       |       ||     4
       Dispel Undead     |       |       |       |       |     7 |    60 |    14 ||    81
       Control Undead    |       |       |       |       |       |     2 |       ||     2
       Throw Icicle      |       |       |       |       |       |     1 |       ||     1
Invok: Receive Corpses   |       |       |       |       |       |     2 |       ||     2
 Abil: Bat Form          |     2 |    17 |    48 |   111 |   225 |   139 |    16 ||   558
       End Transformatio |     2 |    17 |    48 |   111 |   225 |   139 |    14 ||   556
       Stop Singing      |       |       |       |       |       |     1 |       ||     1
Evoke: Wand              |       |       |     1 |    16 |     9 |     8 |     1 ||    35
       Sack of spiders   |       |       |       |       |       |     1 |       ||     1
       Fan of gales      |       |       |       |       |       |     1 |     1 ||     2
       Phial of floods   |       |       |       |       |       |       |     1 ||     1
  Use: Potion            |       |     5 |    18 |    24 |    49 |    54 |     7 ||   157
       Scroll            |       |       |     8 |    10 |    19 |     9 |     1 ||    47
 Stab: Sleeping          |     1 |     4 |     2 |       |       |       |       ||     7
       Confused          |       |       |       |     4 |    77 |    68 |    18 ||   167
       Distracted        |       |       |       |     2 |       |     3 |       ||     5
       Invisible         |       |       |       |     2 |    25 |    13 |     2 ||    42
       Held in net/web   |       |       |       |       |       |     2 |       ||     2
  Eat: Corpse            |     1 |     3 |     8 |    16 |    24 |    10 |     3 ||    65
Armor: Leather armour    |    20 |    52 |   138 |   255 |   571 |       |       ||  1036
       Skin              |       |       |       |     8 |       |       |       ||     8
       Troll leather arm |       |       |       |       |   153 |  1010 |   122 ||  1285
Dodge: Dodged            |    44 |   133 |   320 |   740 |  1813 |  2554 |   450 ||  6054
Block: Other             |       |       |       |       |   212 |   568 |    64 ||   844
       Reflection        |       |       |       |       |     8 |     1 |     6 ||    15
       Buckler           |       |       |       |       |       |       |    94 ||    94
       Rpst.: Falchion   |    13 |    39 |    93 |   212 |   419 |    16 |       ||   792
       Scimitar          |       |       |       |       |    13 |   124 |       ||   137
       Double sword      |       |       |       |       |       |   333 |    78 ||   411
       Great sword       |       |       |       |       |       |       |     1 ||     1
